Map: Distretto abbandonato

Players

URIEL

  • Race: Terran Terran
  • Spawn Location: 7:00

Vanzako

  • Race: Protoss Protoss
  • Spawn Location: 6:00

Kosh

  • Race: Protoss Protoss
  • Spawn Location: 3:00

Jhyrachy

  • Race: Zerg Zerg
  • League: Silver
  • Spawn Location: 6:00

Patchbay - Winner!

  • Race: Terran Terran
  • Spawn Location: 3:00

Daylight - Winner!

  • Race: Zerg Zerg
  • Spawn Location: 12:00

uwae - Winner!

  • Race: Zerg Zerg
  • Spawn Location: 9:00

TheLast - Winner!

  • Race: Protoss Protoss
  • Spawn Location: 12:00

VOD

Have the link to the VOD?

Description

Time

  • Played on: April 6, 2016, 1:05 p.m.
  • Length: 17:58
Show
View Real Time Build Order
Export as new Build Order

URIEL Terran 

Build Orders: Command Center First (CC), Reaper Expand 

Get SALT Encoding   

  12  0:04  SCV  
  13  0:16  SCV  
  14  0:42  Supply Depot  
  14  0:47  SCV  
  15  1:03  Refinery  
  15  1:04  SCV  
  16  1:18  Command Center  
  16  1:23  Barracks  
  16  1:40  Barracks  
  16  1:42  SCV  
  17  1:52  Engineering Bay  
  17  2:14  Marine  
  18  2:27  Bunker  
  18  2:33  Marine x2  
  20  2:41  Supply Depot  
  20  2:49  Missile Turret  
  20  2:57  SCV  
  21  3:04  Marine  
  22  3:09  Marine, SCV  
  22  3:10  Missile Turret  
  24  3:18  Missile Turret  
  24  3:27  Planetary Fortress  
  24  3:38  Marine x2  
  26  3:49  Planetary Fortress  
  25  3:57  Marine x2  
  27  4:07  Supply Depot  
  27  4:13  SCV  
  28  4:20  Refinery  
  25  4:28  SCV  
  26  4:35  SCV  
  27  4:40  SCV  
  27  4:41  Marine  
  29  4:47  SCV  
  30  4:58  Barracks  
  30  5:06  Supply Depot  
  30  5:11  SCV  
  31  5:23  SCV, Factory  
  31  5:26  SCV  
  33  5:38  SCV  
  34  5:50  SCV  
  34  5:51  Marine x3  
  38  6:08  Marine  
  40  6:11  SCV  
  40  6:15  Factory Reactor  
  40  6:20  Factory  
  40  6:23  SCV x2  
  38  6:35  SCV  
  38  6:36  SCV  
  39  6:41  Marine  
  39  6:42  Marine x2  
  42  6:47  SCV  
  42  6:48  SCV  
  42  7:00  SCV  
  43  7:01  Barracks  
  43  7:02  Marine  
  43  7:03  Marine x2  
  46  7:11  Supply Depot  
  46  7:12  SCV  
  47  7:20  Widow Mine x2, Marine  
  52  7:24  Factory Tech Lab  
  52  7:27  SCV  
  53  7:31  SCV  
  54  7:39  SCV  
  54  7:43  SCV  
  54  7:44  Marine x3  
  56  7:48  Widow Mine  
  63  7:54  Widow Mine, Supply Depot  
  63  7:55  SCV  
  60  8:08  SCV  
  60  8:17  Supply Depot  
  51  8:20  SCV  
  34  8:39  Supply Depot  
  34  8:44  SCV  
  32  8:56  SCV  
  5  10:10  Reaper x3  
  5  10:11  Reaper  
  9  10:42  Reaper x3  
  12  10:43  Reaper  
Show
View Real Time Build Order
Export as new Build Order

Vanzako Protoss 

Build Orders:  

Get SALT Encoding   

  12  0:06  Probe (Chrono Boost)  
  13  0:17  Probe (Chrono Boost)  
  14  0:27  Probe (Chrono Boost)  
  15  0:39  Pylon  
  15  0:59  Pylon  
  15  1:05  Pylon  
  15  1:16  Probe (Chrono Boost)  
  16  1:25  Assimilator  
  16  1:27  Probe (Chrono Boost)  
  17  1:39  Forge  
  17  1:52  Gateway  
  17  2:02  Assimilator  
  17  2:06  Probe (Chrono Boost)  
  18  2:12  Nexus  
  18  2:17  Probe (Chrono Boost)  
  19  2:27  Probe (Chrono Boost)  
  20  2:34  Photon Cannon  
  20  2:50  Pylon  
  20  2:56  Probe (Chrono Boost)  
  21  3:06  Probe (Chrono Boost)  
  22  3:17  Probe (Chrono Boost)  
  23  3:22  Pylon  
  23  3:26  Pylon  
  12  4:10  Probe (Chrono Boost)  
  12  4:32  Photon Cannon  
  12  4:38  Photon Cannon  
  12  4:45  Photon Cannon  
  12  4:48  Probe (Chrono Boost)  
  13  5:05  Probe (Chrono Boost)  
  14  5:28  Probe (Chrono Boost)  
  15  5:39  Probe (Chrono Boost)  
  16  5:59  Cybernetics Core  
  16  6:21  Pylon  
  16  6:29  Probe (Chrono Boost)  
  17  6:39  Probe (Chrono Boost)  
  1  8:16  Nexus  
  1  8:32  Pylon  
  1  8:58  Photon Cannon  
  1  9:00  Photon Cannon  
  1  9:04  Photon Cannon  
Show
View Real Time Build Order
Export as new Build Order

Kosh Protoss 

Build Orders:  

Get SALT Encoding   

  12  0:04  Probe (Chrono Boost)  
  13  0:15  Probe (Chrono Boost)  
  14  0:28  Pylon  
  14  0:38  Pylon  
  14  0:40  Probe (Chrono Boost)  
  15  0:55  Pylon  
  15  1:00  Forge  
  15  1:03  Probe (Chrono Boost)  
  16  1:14  Probe (Chrono Boost)  
  17  1:28  Probe (Chrono Boost)  
  18  1:36  Photon Cannon  
  18  1:39  Probe (Chrono Boost)  
  19  1:40  Photon Cannon  
  19  1:49  Probe (Chrono Boost)  
  20  2:00  Probe (Chrono Boost)  
  21  2:07  Nexus  
  21  2:11  Assimilator  
  21  2:16  Assimilator  
  21  2:23  Probe (Chrono Boost)  
  21  2:29  Gateway  
  22  2:32  Assimilator  
  22  2:35  Probe (Chrono Boost)  
  23  2:44  Assimilator  
  23  2:46  Probe (Chrono Boost)  
  24  2:56  Probe (Chrono Boost), Pylon  
  25  3:07  Probe (Chrono Boost)  
  26  3:17  Probe (Chrono Boost)  
  26  3:18  Photon Cannon  
  27  3:24  Cybernetics Core  
  27  3:28  Probe (Chrono Boost)  
  28  3:35  Photon Cannon  
  28  3:44  Probe (Chrono Boost)  
  29  3:51  Probe (Chrono Boost)  
  29  3:54  Probe (Chrono Boost)  
  31  3:55  Pylon  
  31  4:15  Stargate  
  31  4:17  Stargate  
  31  4:24  Probe (Chrono Boost)  
  32  4:34  Probe (Chrono Boost)  
  33  4:40  Pylon  
  33  4:44  Pylon  
  33  4:45  Probe (Chrono Boost)  
  34  4:49  Pylon  
  34  4:55  Probe (Chrono Boost)  
  35  5:01  Photon Cannon  
  35  5:05  Photon Cannon  
  35  5:06  Probe (Chrono Boost)  
  36  5:14  Photon Cannon  
  36  5:16  Probe (Chrono Boost), Photon Cannon  
  36  5:18  Void Ray (Chrono Boost)  
  41  5:25  Void Ray (Chrono Boost)  
  45  5:36  Probe  
  46  5:48  Probe, Mothership Core  
  49  5:50  Protoss Air Weapons Level 1 (Chrono Boost)  
  49  5:55  Fleet Beacon  
  49  5:59  Void Ray (Chrono Boost)  
  49  6:00  Probe  
  50  6:10  Protoss Shields Level 1  
  54  6:14  Probe  
  55  6:26  Probe  
  55  6:27  Phoenix  
  58  6:38  Probe  
  59  6:40  Phoenix  
  59  6:46  Anion Pulse-Crystals  
  61  6:52  Phoenix  
  63  7:06  Void Ray  
  67  7:17  Void Ray  
  53  8:13  Void Ray  
  53  8:19  Void Ray  
  43  8:59  Phoenix (Chrono Boost)  
  43  9:01  Phoenix (Chrono Boost)  
  47  9:03  Protoss Air Weapons Level 2 (Chrono Boost)  
  47  9:08  Mothership Core  
  49  9:14  Photon Cannon  
  49  9:21  Stargate  
  49  9:22  Phoenix (Chrono Boost)  
  51  9:24  Pylon  
  51  9:28  Photon Cannon  
  53  9:31  Phoenix (Chrono Boost)  
  53  9:33  Pylon  
  53  9:34  Probe  
  54  9:44  Phoenix (Chrono Boost)  
  54  9:45  Stargate  
  56  9:46  Probe  
  57  9:53  Phoenix (Chrono Boost)  
  57  9:58  Probe  
  72  10:37  Carrier (Chrono Boost)  
  72  10:42  Robotics Facility  
  78  10:46  Phoenix (Chrono Boost)  
  78  10:47  Carrier (Chrono Boost)  
  78  10:48  Carrier (Chrono Boost)  
  86  11:12  Carrier (Chrono Boost)  
  86  11:22  Protoss Air Armor Level 1  
  86  11:29  Observer  
  87  11:42  Photon Cannon  
  87  11:47  Pylon  
  87  11:51  Observer  
  88  11:58  Void Ray (Chrono Boost)  
  92  12:19  Observer  
  93  12:34  Void Ray (Chrono Boost)  
  105  12:39  Void Ray x2 (Chrono Boost)  
  104  13:14  Void Ray x2 (Chrono Boost)  
  104  13:19  Observer  
  117  13:21  Void Ray (Chrono Boost)  
  59  14:22  Void Ray x2 (Chrono Boost)  
  59  14:32  Void Ray (Chrono Boost)  
  63  14:55  Void Ray (Chrono Boost)  
  67  15:20  Void Ray (Chrono Boost)  
  49  16:27  Void Ray (Chrono Boost)  
  41  16:55  Void Ray (Chrono Boost)  
Show
View Real Time Build Order
Export as new Build Order

Jhyrachy Zerg 

Build Orders: Hatch First 

Get SALT Encoding   

  12  0:03  Drone  
  13  0:13  Drone  
  14  0:17  Overlord  
  14  0:36  Drone x3  
  17  0:58  Drone  
  17  1:00  Hatchery  
  17  1:03  Extractor  
  16  1:10  Drone  
  17  1:18  Spawning Pool  
  16  1:28  Drone x2  
  18  1:34  Drone  
  19  1:41  Overlord  
  19  1:55  Overlord  
  19  2:05  Metabolic Boost  
  19  2:15  Queen x2  
  23  2:19  Drone x2  
  25  2:26  Drone  
  25  2:27  Drone  
  25  2:29  Drone  
  28  2:38  Drone x2  
  30  2:48  Drone  
  30  2:50  Drone  
  32  2:52  Queen  
  32  2:56  Queen  
  36  3:02  Drone x2  
  38  3:07  Drone  
  38  3:12  Overlord  
  39  3:23  Zergling x4  
  41  4:15  Drone x2  
  44  4:17  Drone x3  
  44  4:23  Extractor  
  45  4:24  Drone x3  
  45  4:28  Drone x2  
  50  4:31  Extractor  
  50  4:33  Extractor, Overlord x3  
  50  4:36  Drone  
  49  4:38  Drone x2  
  49  4:40  Overlord  
  51  5:28  Roach Warren  
  50  5:48  Overlord x2  
  50  5:49  Overlord  
  50  5:53  Hatchery  
  47  6:20  Roach  
  47  6:21  Roach x8  
  47  6:25  Roach  
  67  6:26  Roach x3  
  73  6:43  Roach x3  
  79  7:13  Lair  
  79  7:20  Roach  
  79  7:21  Roach x11  
  103  7:23  Overlord  
  103  7:41  Overlord x2  
  103  7:47  Drone  
  103  7:48  Drone x9  
  113  8:11  Spine Crawler  
  112  8:15  Spine Crawler  
  111  8:20  Spine Crawler  
  110  8:34  Roach  
  110  8:35  Roach x9  
  110  8:38  Overlord  
  110  8:39  Overlord x2  
  130  8:55  Spore Crawler  
  129  8:57  Spore Crawler  
  129  8:59  Spore Crawler  
  129  9:00  Drone  
  129  9:01  Drone x5  
  133  9:09  Spore Crawler x2  
  131  9:10  Spore Crawler  
  131  9:15  Spore Crawler  
  129  9:19  Spore Crawler  
  129  9:22  Spore Crawler  
  127  9:29  Spore Crawler  
  126  9:46  Spore Crawler  
  124  10:12  Roach x7  
  124  10:13  Roach x8  
  152  10:48  Overlord x4  
  152  10:49  Overlord x2  
  152  11:08  Glial Reconstitution, Burrow  
  152  11:18  Evolution Chamber  
  152  11:20  Evolution Chamber  
  150  11:39  Roach  
  158  11:40  Roach x20  
  192  11:50  Zerg Ground Armor Level 1, Zerg Missile Weapons Level 1  
  192  12:04  Overlord x2  
  192  12:15  Drone x2  
  194  12:18  Overlord x2  
  194  12:27  Tunneling Claws  
  194  12:28  Spore Crawler x2  
  194  12:29  Spore Crawler  
  191  12:32  Spore Crawler  
  191  12:34  Spore Crawler x2  
  188  12:42  Drone x3  
  188  12:43  Drone x3  
  194  13:02  Pneumatized Carapace  
  194  13:06  Roach x70  
  194  13:14  Spore Crawler  
  194  13:15  Spore Crawler  
  194  13:16  Spore Crawler  
  159  13:55  Roach  
  161  13:56  Roach x16  
  161  13:57  Roach  
  195  14:04  Queen  
  195  14:05  Queen  
  195  14:07  Overlord x2  
  199  14:12  Zerg Missile Weapons Level 2, Roach x62, Zerg Ground Armor Level 2  
  199  14:18  Spore Crawler, Overseer  
  198  14:32  Roach x58  
  92  15:09  Roach  
  92  15:10  Roach x10  
  92  15:11  Roach x3  
  76  15:26  Spore Crawler  
  76  15:27  Spore Crawler  
  69  15:29  Spore Crawler  
  56  15:36  Ravager  
  56  15:37  Ravager x10  
  52  16:23  Roach x12  
  76  16:51  Ravager x8  
  76  16:52  Ravager x4  
  88  16:55  Roach  
  88  16:56  Roach x3  
Show
View Real Time Build Order
Export as new Build Order

Patchbay Terran - Winner!

Build Orders:  

Get SALT Encoding   

  12  0:01  SCV  
  13  0:13  SCV  
  14  0:19  Supply Depot  
  14  0:25  SCV  
  15  0:41  SCV  
  15  0:42  Barracks  
  16  0:47  Refinery  
  16  0:53  SCV  
  17  1:04  Supply Depot  
  17  1:08  SCV  
  18  1:29  Orbital Command  
  18  1:30  Refinery  
  18  1:31  Reaper  
  19  1:37  Barracks  
  19  1:54  SCV  
  20  2:03  Factory  
  20  2:06  SCV  
  21  2:11  Reaper  
  22  2:18  Supply Depot  
  22  2:19  SCV  
  23  2:25  Reaper  
  24  2:31  SCV, Engineering Bay  
  25  2:43  Reaper, SCV  
  27  2:53  Factory Reactor  
  27  2:55  SCV  
  29  3:03  Factory  
  28  3:08  SCV  
  29  3:21  SCV  
  30  3:33  SCV  
  31  3:34  Hellion x2  
  35  3:48  SCV  
  36  3:49  Factory Reactor  
  36  3:52  Starport  
  36  4:00  SCV  
  37  4:07  Missile Turret x2  
  37  4:11  Hellion  
  39  4:31  Hellion  
  39  4:33  Supply Depot  
  39  4:34  Supply Depot  
  39  4:37  Starport Reactor  
  39  4:55  SCV, Supply Depot, Hellion x4  
  46  5:08  Supply Depot  
  46  5:11  Command Center, Supply Depot  
  46  5:14  Medivac  
  46  5:16  Hellion  
  46  5:21  Medivac  
  52  5:29  SCV  
  53  5:41  SCV  
  54  5:44  Medivac  
  56  5:51  Medivac  
  56  5:54  Supply Depot  
  58  6:14  Medivac  
  60  6:21  Medivac  
  60  6:44  Hellion x2, Medivac  
  60  6:45  SCV, Hellion x2  
  60  6:46  Orbital Command  
  71  6:51  Medivac  
  69  7:03  SCV  
  69  7:06  Hellion x2  
  74  7:15  SCV  
  75  7:19  Hellion  
  75  7:20  Hellion  
  79  7:25  Missile Turret  
  79  7:27  Missile Turret, SCV  
  79  7:30  Missile Turret  
  79  7:31  Missile Turret  
  70  7:48  Missile Turret  
  70  7:50  Missile Turret x2  
  62  8:01  Missile Turret  
  62  8:03  Missile Turret  
  50  8:17  Marine  
  50  8:18  Marine  
  51  8:35  Marine x2  
  51  8:38  Refinery  
  51  8:39  Refinery  
  51  8:40  Missile Turret  
  53  8:50  Factory Tech Lab  
  53  8:56  Marine x2  
  55  9:14  Marine x2  
  57  9:22  Armory  
  57  9:32  Marine  
  34  10:14  SCV  
  34  10:20  Thor  
  39  10:27  SCV  
  40  10:39  SCV  
  41  10:50  Barracks Tech Lab  
  41  10:54  Terran Vehicle Weapons Level 1  
  41  10:57  Barracks Tech Lab  
  41  11:00  Terran Infantry Weapons Level 1  
  41  11:03  Thor, Viking x2  
  51  11:14  SCV  
  52  11:26  SCV  
  53  11:39  SCV  
  54  11:40  Viking  
  54  11:41  Viking  
  54  11:45  Command Center  
  58  11:51  SCV  
  59  12:01  Barracks  
  59  12:02  Barracks  
  59  12:03  Supply Depot, Barracks  
  59  12:05  Supply Depot, Barracks  
  59  12:06  SCV  
  60  12:13  Thor  
  66  12:18  SCV  
  67  12:23  Viking x2  
  67  12:26  Supply Depot  
  67  12:28  Marine x2, Supply Depot  
  73  12:30  Combat Shields, SCV  
  74  12:42  Refinery, SCV  
  75  12:46  Marine  
  75  12:48  Missile Turret, Refinery  
  75  12:50  Supply Depot  
  75  12:51  Marine x5  
  77  12:54  SCV  
  77  12:56  Viking  
  84  13:01  Orbital Command  
  84  13:03  Marine  
  85  13:05  Missile Turret  
  85  13:06  SCV  
  85  13:08  Missile Turret  
  85  13:09  Marine x3  
  85  13:10  Missile Turret  
  89  13:18  SCV  
  90  13:30  SCV  
  90  13:32  SCV  
  92  13:42  SCV  
  92  13:45  SCV  
  92  13:51  Marine  
  92  13:52  Marine x5  
  92  13:54  SCV  
  77  14:06  SCV  
  77  14:07  SCV  
  77  14:09  Marine x2  
  80  14:10  Marine x4  
  85  14:18  SCV  
  85  14:19  SCV  
  87  14:25  Terran Infantry Weapons Level 2  
  87  14:27  Marine x3  
  87  14:31  Medivac, Stimpack  
  90  14:32  Medivac  
  90  14:36  Marine x2  
  90  14:37  Marine  
  97  14:45  Marine  
  98  14:58  Marine  
  98  14:59  Marine x4  
  81  15:01  Medivac  
  81  15:02  Medivac  
  81  15:03  Marine  
  86  15:16  Marine x2  
  86  15:17  Marine x3  
  86  15:21  Marine  
  92  15:26  Engineering Bay  
  92  15:29  SCV x2  
  92  15:34  Marine x3  
  92  15:35  Marine x2  
  103  15:38  Marine  
  103  15:40  Missile Turret  
  103  15:41  SCV  
  101  15:43  Missile Turret  
  91  15:52  Marine  
  92  16:00  Marine  
  92  16:01  Marine x4  
  90  16:10  Marine  
  71  16:18  Marine  
  71  16:19  Marine x3  
  75  16:26  Command Center  
  75  16:27  Missile Turret x2  
  75  16:30  SCV x2  
  77  16:42  SCV  
  78  16:59  Marine x2  
  78  17:00  Marine x4  
  84  17:03  Starport  
  84  17:07  Starport  
  83  17:14  Missile Turret, SCV x2  
  85  17:21  Marine  
  85  17:22  Marine x5  
  91  17:26  SCV x2  
  93  17:33  Missile Turret  
  92  17:38  SCV x2  
  92  17:39  Marine x3  
  99  17:49  Refinery  
  103  17:52  Missile Turret  
Show
View Real Time Build Order
Export as new Build Order

Daylight Zerg - Winner!

Build Orders: Pool First 

Get SALT Encoding   

  12  0:01  Drone  
  13  0:10  Drone  
  14  0:18  Overlord  
  14  0:36  Drone  
  14  0:37  Drone x2  
  17  0:50  Spawning Pool  
  17  0:51  Drone  
  17  0:59  Drone  
  18  1:10  Drone  
  19  1:17  Extractor  
  18  1:22  Drone  
  19  1:30  Hatchery  
  19  1:31  Drone  
  19  1:39  Queen  
  21  1:43  Overlord  
  21  1:56  Drone  
  22  2:02  Extractor  
  21  2:16  Zergling x2  
  21  2:17  Zergling x2  
  23  2:30  Drone  
  23  2:32  Queen  
  26  2:48  Roach Warren  
  25  2:55  Zergling x2  
  25  2:56  Zergling x8  
  30  2:58  Queen  
  30  3:01  Drone x2  
  34  3:11  Overlord  
  34  3:27  Metabolic Boost  
  34  3:45  Roach x3  
  34  3:47  Roach x2  
  44  3:49  Overlord  
  44  4:23  Drone x5  
  44  4:24  Drone  
  50  4:29  Spore Crawler  
  49  4:33  Spore Crawler  
  48  4:43  Overlord  
  48  4:44  Overlord  
  48  5:12  Roach x2  
  48  5:13  Roach x8  
  67  5:38  Lair  
  67  5:43  Overlord x2  
  67  5:44  Overlord  
  67  6:04  Drone  
  67  6:05  Drone x6  
  67  6:06  Drone x2  
  76  6:26  Drone x4  
  76  6:32  Overlord x2  
  80  6:53  Hatchery  
  79  7:10  Roach x3  
  79  7:11  Roach x3  
  91  7:16  Glial Reconstitution  
  91  7:33  Hydralisk Den  
  82  8:36  Hydralisk x5  
  82  8:37  Hydralisk x4  
  100  8:50  Spore Crawler  
  100  8:53  Spore Crawler, Queen  
  100  8:54  Queen  
  100  9:37  Hydralisk  
  100  9:38  Hydralisk x5  
  104  9:42  Overlord x3  
  112  10:04  Queen x3  
  118  10:12  Hydralisk x2  
  118  10:13  Hydralisk x4  
  130  10:49  Roach x2  
  136  10:50  Roach  
  136  11:02  Overlord x3  
  136  11:03  Overlord  
  136  11:20  Queen x3  
  136  11:23  Extractor  
  141  11:26  Extractor  
  141  11:27  Extractor  
  141  11:29  Extractor  
  138  12:07  Roach  
  138  12:08  Roach x8  
  156  12:22  Evolution Chamber  
  155  12:23  Evolution Chamber  
  155  12:28  Drone x3  
  157  12:49  Drone  
  157  12:50  Drone x5  
  163  13:12  Spire, Muscular Augments  
  162  13:39  Zerg Missile Weapons Level 1  
  162  13:40  Zerg Ground Armor Level 1  
  162  14:19  Roach x2  
  162  14:20  Roach  
  162  14:23  Overlord x5  
  168  14:31  Overlord x3  
  130  15:22  Hydralisk x8  
  130  15:23  Hydralisk  
  124  16:43  Ravager x5  
  124  16:44  Ravager  
  130  16:53  Roach x2  
  130  16:54  Roach x5  
  140  16:55  Roach x2  
  148  17:38  Roach x4  
  148  17:39  Roach x5  
Show
View Real Time Build Order
Export as new Build Order

uwae Zerg - Winner!

Build Orders: Pool First 

Get SALT Encoding   

  12  0:02  Drone  
  13  0:13  Drone  
  14  0:27  Spawning Pool  
  13  0:33  Overlord  
  13  0:43  Drone  
  14  0:56  Drone  
  15  0:58  Drone x2  
  17  1:16  Zergling x2  
  18  1:26  Extractor  
  17  1:36  Zergling x2  
  17  1:37  Zergling x2  
  19  2:01  Zergling x6  
  21  2:32  Overlord x2  
  21  2:37  Extractor, Drone  
  21  2:49  Queen  
  23  2:53  Zergling x2  
  24  3:20  Zergling x6  
  27  4:09  Drone x6  
  33  4:16  Lair  
  33  4:37  Hatchery  
  32  4:42  Drone  
  33  4:51  Evolution Chamber  
  32  5:01  Drone  
  33  5:24  Zergling x6  
  33  5:25  Zergling x2  
  37  5:30  Overlord x2  
  37  5:31  Overlord  
  37  5:36  Hatchery  
  37  5:39  Spore Crawler  
  37  5:41  Spore Crawler  
  34  5:46  Spire  
  32  6:15  Zergling x6  
  32  6:16  Zergling x6  
  38  6:34  Drone x4  
  38  6:38  Queen  
  44  6:56  Drone x4  
  48  7:02  Queen  
  48  7:10  Drone x5  
  53  7:21  Extractor  
  52  7:23  Extractor  
  52  7:26  Drone x3  
  52  7:27  Drone x2  
  56  7:51  Mutalisk x2  
  56  7:52  Mutalisk x7  
  74  8:01  Extractor x2  
  72  8:17  Zerg Flyer Weapons Level 1  
  71  8:23  Drone x2  
  71  8:26  Overlord  
  72  8:27  Overlord x6  
  72  8:28  Overlord  
  65  8:44  Drone x3  
  65  8:45  Drone  
  66  8:51  Drone x5  
  66  8:52  Drone x3  
  64  9:13  Mutalisk x7  
  64  9:14  Mutalisk  
  80  9:21  Mutalisk  
  82  9:47  Mutalisk x2  
  82  9:49  Overlord x2  
  82  9:50  Overlord x6  
  74  10:06  Mutalisk  
  56  10:07  Mutalisk x2  
  62  10:19  Zerg Flyer Weapons Level 2  
  62  10:54  Hatchery  
  61  10:57  Mutalisk x6  
  73  11:10  Extractor  
  72  11:16  Extractor  
  71  11:34  Drone x3  
  71  11:35  Drone x7  
  71  11:36  Drone x4  
  78  12:19  Drone x4  
  78  12:20  Drone x2  
  84  12:33  Mutalisk  
  84  12:34  Mutalisk x6  
  84  12:35  Mutalisk x2  
  102  12:42  Queen  
  104  12:56  Mutalisk x5  
  104  12:57  Mutalisk x6  
  126  13:11  Drone x4  
  130  13:14  Corruptor x3  
  136  13:37  Corruptor  
  136  13:38  Corruptor x4  
  146  14:15  Corruptor x7  
  97  15:27  Infestation Pit  
  86  15:51  Hatchery  
  77  16:14  Hive  
  77  16:30  Drone x5  
  77  16:31  Drone x7  
  77  16:32  Drone x3  
  92  17:04  Corruptor  
  92  17:05  Corruptor x6  
  92  17:06  Corruptor x4  
  114  17:33  Zergling x8  
  114  17:34  Zergling x12  
  124  17:53  Extractor  
  124  17:56  Extractor  
Show
View Real Time Build Order
Export as new Build Order

TheLast Protoss - Winner!

Build Orders:  

Get SALT Encoding   

  12  0:03  Probe (Chrono Boost)  
  13  0:14  Probe (Chrono Boost)  
  14  0:24  Probe (Chrono Boost)  
  15  0:29  Pylon  
  15  0:47  Probe (Chrono Boost)  
  15  0:49  Gateway  
  16  0:54  Pylon  
  16  1:03  Gateway  
  16  1:09  Assimilator  
  16  1:11  Probe (Chrono Boost)  
  17  1:21  Probe (Chrono Boost)  
  18  1:34  Probe (Chrono Boost)  
  18  1:37  Zealot (Chrono Boost)  
  21  1:49  Cybernetics Core  
  23  1:57  Zealot (Chrono Boost)  
  25  2:01  Zealot (Chrono Boost)  
  27  2:24  Zealot (Chrono Boost)  
  27  2:25  Zealot (Chrono Boost)  
  27  2:28  Twilight Council  
  29  2:43  Assimilator  
  31  2:51  Zealot (Chrono Boost)  
  31  2:57  Pylon  
  31  3:00  Pylon  
  31  3:04  Pylon  
  31  3:16  Zealot (Chrono Boost)  
  33  3:27  Charge  
  33  3:32  Zealot (Chrono Boost)  
  31  3:39  Zealot (Chrono Boost)  
  33  3:59  Zealot (Chrono Boost)  
  27  4:21  Pylon  
  27  4:23  Nexus  
  27  4:25  Probe  
  28  4:31  Robotics Facility  
  28  4:37  Probe  
  29  4:49  Probe  
  30  5:00  Stalker (Chrono Boost)  
  30  5:02  Probe, Warp Gate  
  30  5:04  Stalker (Chrono Boost)  
  35  5:09  Pylon  
  35  5:27  Robotics Bay  
  36  5:28  Probe  
  36  5:53  Stalker (Chrono Boost)  
  40  5:57  Stalker (Chrono Boost)  
  40  5:59  Immortal  
  40  6:01  Probe  
  43  6:08  Probe  
  44  6:12  Probe  
  45  6:20  Probe  
  46  6:44  Colossus  
  52  6:52  Stalker (Chrono Boost)  
  56  6:56  Stalker (Chrono Boost)  
  58  7:15  Mothership Core  
  58  7:20  Probe  
  59  7:31  Probe  
  60  7:41  Probe  
  51  8:38  Colossus  
  51  8:40  Stalker (Chrono Boost)  
  61  8:42  Robotics Facility  
  61  8:44  Stalker (Chrono Boost)  
  61  8:54  Gateway  
  61  9:00  Gateway  
  55  9:40  Colossus  
  55  9:41  Colossus  
  67  9:48  Stalker (Chrono Boost)  
  69  9:56  Assimilator  
  69  9:59  Assimilator  
  55  10:41  Stalker (Chrono Boost)  
  61  10:42  Colossus  
  61  10:44  Stalker (Chrono Boost)  
  61  10:45  Stalker (Chrono Boost)  
  67  10:52  Probe  
  67  10:55  Probe  
  69  11:02  Probe  
  70  11:07  Probe  
  71  11:13  Probe  
  72  11:23  Probe  
  72  11:24  Blink  
  72  11:25  Stalker x2 (Chrono Boost)  
  77  11:27  Colossus  
  83  11:34  Probe  
  84  11:44  Probe  
  84  11:46  Nexus  
  85  11:55  Probe  
  86  12:29  Pylon  
  86  12:32  Pylon  
  86  12:35  Pylon  
  86  12:36  Pylon  
  86  12:38  Pylon  
  86  12:41  Pylon  
  86  12:42  Pylon  
  86  12:45  Probe, Pylon x2  
  86  12:46  Colossus  
  86  12:49  Pylon  
  93  12:53  Pylon  
  93  13:17  Assimilator  
  93  13:21  Assimilator  
  57  13:45  Colossus  
  57  13:46  Colossus  
  69  13:55  Pylon  
  69  13:58  Pylon  
  69  14:18  Pylon  
  69  14:28  Robotics Facility  
  69  14:30  Robotics Facility  
  69  14:31  Robotics Facility  
  63  15:23  Colossus x3  
  63  15:25  Colossus x2  
  93  15:30  Stalker  
  93  15:31  Stalker x2  
Tags
 
Add a new tag
Caveats
  • Supply blocks, unpowered buildings, or Contaminate may cause inaccurate times.
  • Supply counts are checked every 10 seconds.